 Dungeon Crawl Stone Soup version 0.18-a0-1014-g3bbf375 (webtiles) character file.

49 JokEr the Magician (level 3, 0/19 HPs)
             Began as a Deep Elf Wizard on Jan 6, 2016.
             Succumbed to an adder's poison
             ... on level 1 of the Dungeon.
             The game lasted 00:04:46 (1698 turns).

JokEr the Magician (Deep Elf Wizard)                Turns: 1698, Time: 00:04:47

Health: 0/19       AC:  2    Str:  4    XL:     3   Next: 51%
Magic:  1/12       EV: 12    Int: 23    God:
Gold:   78         SH:  0    Dex: 13    Spells: 4 memorised, 4 levels left

rFire  . . .     SeeInvis .     (no weapon)
rCold  . . .     Gourm    .     a - +0 robe
rNeg   . . .     Faith    .     (no shield)
rPois  .         Spirit   .     b - +0 hat
rElec  .         Dismiss  .     (no cloak)
rCorr  .         Reflect  .     (no gloves)
SustAt .         Harm     .     (no boots)
MR     .....                    (no amulet)
Stlth  ++........               (no ring)
                                (no ring)

@: lethally poisoned (0 -> -6), not resistant to hostile enchantments,
unstealthy
A: no striking features
a: no special abilities


You were on level 1 of the Dungeon.
You were not hungry.

You visited 1 branch of the dungeon, and saw 2 of its levels.

You collected 78 gold pieces.

Inventory:

Armour
 a - a +0 robe (worn)
 b - a +0 hat (worn)
Scrolls
 g - a scroll of remove curse
Potions
 f - a potion of ambrosia
 h - 2 potions of flight
 i - a potion of resistance {unknown}
 k - a potion of cure mutation {unknown}
 o - a potion of might {unknown}
Books
 c - a book of Minor Magic

   Spells                             Type                      Level
   a - Magic Dart                     Conjuration                  1
   b - Blink                          Translocation                2
   c - Call Imp                       Summoning                    2
   d - Repel Missiles                 Charms/Air                   2
   e - Slow                           Hexes                        2
   f - Conjure Flame                  Conjuration/Fire             3
   g - Mephitic Cloud                 Conjuration/Poison/Air       3
Comestibles
 d - a bread ration
 j - 3 fruits
 m - a meat ration


   Skills:
 - Level 2.4 Dodging
 - Level 2.4 Stealth
 + Level 5.5 Spellcasting
 + Level 2.1 Conjurations
   Level 1.1 Summonings
 - Level 1.1 Translocations
 + Level 0.4 Fire Magic
 + Level 0.9 Poison Magic


You had 4 spell levels left.
You knew the following spells:

 Your Spells              Type           Power        Failure   Level  Hunger
a - Magic Dart            Conj           ###.         3%          1    None
b - Conjure Flame         Conj/Fire      ##......     17%         3    ##.....
c - Mephitic Cloud        Conj/Pois/Air  ##......     21%         3    ##.....
d - Blink                 Tloc           N/A          12%         2    None


Dungeon Overview and Level Annotations

Branches:
Dungeon (2/15)

Altars:

Annotations:
D:2 Sigmund


Message History

The giant cockroach bites you but does no damage.
The giant cockroach barely misses you.
There is an open door here.
There is an open door here.
The giant cockroach barely misses you. The giant cockroach misses you.
The giant cockroach barely misses you.
Your magical contamination has completely faded away.
The giant cockroach closely misses you. The giant cockroach barely misses you.
The adder bites you.
* * * LOW HITPOINT WARNING * * *
The adder bites you.
* * * LOW HITPOINT WARNING * * *
You are lethally poisoned!
The adder poisons you!
Casting: Blink
Confirm with . or Enter, or press ? or * to list all spells.
You blink.
A bat comes into view.
You die...

##'######.#...........# # ##
#...# #.#...s######## #≈ .#
#...#####.#..rS# #≈### .#
#r......#.#...§# #≈≈#
.###....#.##.#....############≈##
.S.'.......#.#....##...##...≈≈≈≈≈
.###.......#......##...##....≈≈≈.
....#.#...........##...###.......
.##.#.##...##...@........#.##....
......##...##.......####.#.#####.
###...##...####...#.####....# #.
..#...#########...#.#.......## #.
#.#...# #....b..#.#........###.
#.#...#####.......#.#...........#
..#...............#.#.###.)......
###.............###.#.# #........
###.............# #.#.# #........


You could see an adder, a giant cockroach, a bat and a rat.

Vanquished Creatures
  An adder (D:2)
  2 oozes
  2 giant geckos (D:1)
  A goblin (D:1)
  4 hobgoblins (D:1)
  4 jackals (D:1)
  2 quokkas (D:2)
  A ball python (D:1)
  2 bats
  3 giant newts
  3 kobolds
  4 rats
29 creatures vanquished.

Notes
Turn   | Place    | Note
--------------------------------------------------------------
     0 | D:1      | JokEr the Deep Elf Wizard began the quest for the Orb.
     0 | D:1      | Reached XP level 1. HP: 10/10 MP: 7/7
   181 | D:1      | Reached XP level 2. HP: 15/15 MP: 5/9
   526 | D:1      | Reached skill level 5 in Spellcasting
  1003 | D:2      | Reached XP level 3. HP: 15/19 MP: 4/11
  1008 | D:2      | Learned a level 3 spell: Conjure Flame
  1109 | D:2      | Learned a level 3 spell: Mephitic Cloud
  1112 | D:2      | Learned a level 2 spell: Blink
  1163 | D:2      | Noticed Sigmund
  1698 | D:1      | Succumbed to an adder's poison

Vault maps used:
D:1:      dpeg_arrival_central, minivault_11, lemuel_another_geyser
D:2:      minmay_misc_feat_roman, uniq_natasha, uniq_sigmund

Action                   || total
-------------------------++-------
 Cast: Magic Dart        ||    68
       Blink             ||     5
       Mephitic Cloud    ||     2
  Use: Scroll            ||     9
  Eat: Bread ration      ||     1
       Chunk             ||     1
